 Dungeon Crawl Stone Soup version 0.21-a0-396-ga924934 (webtiles) character file.

142 Kavrick the Insei (level 5, -4/41 HPs)
             Began as a Demonspawn Monk on Oct 19, 2017.
             Slain by Sigmund
             ... wielding a +1 scythe of protection
              (5 damage)
             ... on level 3 of the Dungeon.
             The game lasted 00:03:13 (2926 turns).

Kavrick the Insei (Demonspawn Monk)                 Turns: 2926, Time: 00:03:13

Health: -4/41      AC:  6    Str: 12 (13) XL:     5   Next: 4%
Magic:  5/5        EV: 11    Int:  9 (11) God:
Gold:   52         SH:  0    Dex: 13 (15) Spells: 4/4 levels left

rFire    . . .     SeeInvis .     - Unarmed
rCold    . . .     Gourm    .   (no shield)
rNeg     . . .     Faith    .   o - +0 ring mail
rPois    .         Spirit   .   (no helmet)
rElec    .         Reflect  .   a - +0 cloak
rCorr    .         Harm     .   (no gloves)
MR       .....                  (no boots)
Stlth    +.........             (no amulet)
HPRegen  0.13/turn              (no ring)
MPRegen  0.09/turn              (no ring)

@: hasted, very quick
A: talons 2, powered by death 1, rot immunity
a: no special abilities


You were on level 3 of the Dungeon.
You were hungry.

You visited 1 branch of the dungeon, and saw 3 of its levels.

You collected 52 gold pieces.

Inventory:

Armour
 a - a +0 cloak (worn)
 o - a +0 ring mail (worn)
 q - a +0 chain mail
Jewellery
 e - a +1 ring of evasion {unknown}
 r - an uncursed ring of flight {unknown}
Scrolls
 c - 3 scrolls of identify {unknown}
 i - 2 scrolls of teleportation {unknown}
 j - 2 scrolls of enchant armour {unknown}
 n - a scroll of enchant weapon {unknown}
 s - a scroll of immolation {unknown}
 t - a scroll of recharging {unknown}
 u - a scroll of fear {unknown}
 v - a scroll of remove curse {unknown}
Potions
 d - a potion of brilliance {unknown}
 h - a potion of might {unknown}
 k - 3 potions of degeneration
 l - a potion of invisibility {unknown}
 m - 2 potions of haste
 p - a potion of agility {unknown}
Comestibles
 b - 2 bread rations
 f - 3 meat rations


   Skills:
 + Level 3.6 Fighting
 + Level 1.6 Armour
 + Level 3.3 Dodging
 - Level 1.7 Stealth
 * Level 3.9 Unarmed Combat


You had 4 spell levels left.
You didn't know any spells.

Dungeon Overview and Level Annotations

Branches:
Dungeon (3/15)

Altars:

Annotations:
D:3 Natasha, Sigmund


Innate Abilities, Weirdness & Mutations

You have razor-sharp toenails.
You regenerate a little health from kills.
You are immune to rotting.


Message History

Sigmund hits you from afar with a scythe of protection.
Sigmund completely misses you.
The gnoll hits you from afar with a spear!
Sigmund points at you and mumbles some strange words.
The puff of flame hits you!
* * * LOW HITPOINT WARNING * * *
You bump into the rock wall.
Sigmund casts a spell.
Sigmund flickers and vanishes!
Deactivating autopickup; reactivate with Ctrl-A.
The gnoll completely misses you.
It was a potion of degeneration.
There was something very wrong with that liquid.
You feel weakened.
You feel dopey.
You feel clumsy.
You feel less confused. Something hits you!
* * * LOW HITPOINT WARNING * * *
The gnoll barely misses you.
You feel yourself speed up. Something hits you.
You die...

♣....# #.# ♣....# #.# ♣..#.#
#.# ♣...# #.# ♣♣.#.####.####
♣..#..÷....... .#########♣
♣♣♣♣♣♣♣.#######..###
..........♣♣♣♣K♣......>.......#
########.).rghg{@....#+######.#
########...gg######(..........#
..............# #...........#
..#####...g...### #...........#
.K5......g#.....#
#...........###
##†....######...#
#.............. #.....# #.....#
#..........###. #..#..# #.....#
#..........# #.
+..#..+........# ####.#######
#.


You could see Natasha, 3 gnolls, a hobgoblin, a kobold and a rat.

Vanquished Creatures
  5 adders
  2 worms
  2 dart slugs (D:1)
  7 orcs (D:3)
  A ball python (D:2)
  11 bats
  3 giant cockroaches (D:1)
  4 goblins
  8 hobgoblins
  15 jackals
  2 quokkas
  2 frilled lizards
  10 kobolds
  2 rats
74 creatures vanquished.

Notes
Turn   | Place    | Note
-------+----------+-------------------------------------------
     0 | D:1      | Kavrick the Demonspawn Monk began the quest for the Orb.
     0 | D:1      | Reached XP level 1. HP: 18/18 MP: 1/1
   208 | D:1      | Gained mutation: You are immune to rotting. [demonic ancestry]
   208 | D:1      | Reached XP level 2. HP: 16/24 MP: 2/2
  1035 | D:1      | Gained mutation: You have sharp toenails. [demonic ancestry]
  1035 | D:1      | Reached XP level 3. HP: 28/29 MP: 3/3
  1066 | D:1      | Reached skill level 1 in Armour
  1726 | D:2      | Gained mutation: You have razor-sharp toenails. [demonic ancestry]
  1726 | D:2      | Reached XP level 4. HP: 24/35 MP: 4/4
  2738 | D:3      | Gained mutation: You regenerate a little health from kills. [demonic ancestry]
  2738 | D:3      | Reached XP level 5. HP: 23/41 MP: 5/5
  2900 | D:3      | Noticed Sigmund
  2905 | D:3      | Noticed Natasha
  2925 | D:3      | HP: 1/41 [something (10)]
  2926 | D:3      | Slain by Sigmund

Vault maps used:
D:1:      matt_arrival_refuge
D:2:      serial_forest, infiniplex_forest_lined_4_way, infiniplex_forest_end_1,
          infiniplex_forest_zigzag_1, infiniplex_forest_side_room,
          infiniplex_forest_clump_diagonal, infiniplex_forest_end_double,
          infiniplex_forest_clump_curved, infiniplex_forest_straight_4,
          infiniplex_forest_lined_room_2, infiniplex_forest_side_room
D:3:      chequers_ecumenical_altar_grove, first_bread, kennysheep_small_spiral,
          hangedman_ru_absence, uniq_natasha, uniq_sigmund

Skill      XL: |  1  2  3 |
---------------+----------+-----
Unarmed Combat | 3 |  3.9
Armour         | 1 |  1.6
Dodging        | 3 |  3.3
Fighting       | |  3.6
Stealth        | |  1.7

Action                   |  1- 3 |  4- 6 || total
-------------------------+-------+-------++-------
Melee: Unarmed           |   155 |   115 ||   270
       Punch             |     4 |       ||     4
       Kick              |    20 |    26 ||    46
  Use: Potion            |       |     2 ||     2
 Stab: Sleeping          |     3 |       ||     3
  Eat: Chunk             |     3 |     3 ||     6
Armor: Robe              |    24 |       ||    24
       Ring mail         |    27 |    31 ||    58
Dodge: Dodged            |   128 |    89 ||   217

Table legend:
 A = Spawn XP
 B = Non-spawn XP
 C = Spawn XP percentage of total XP
 D = Spawn monster count
 E = Non-spawn monster count
 F = Spawn count percentage of total count
 G = Total turns spent on level
                    A         B        C        D         E        F      G
               +---------+---------+-------+---------+---------+-------+---------
         Total |       0 |     204 |   0.0 |       0 |      74 |   0.0 |  2926
               +---------+---------+-------+---------+---------+-------+---------
           D:1 |       0 |      61 |   0.0 |       0 |      34 |   0.0 |  1590
           D:2 |       0 |      84 |   0.0 |       0 |      21 |   0.0 |   802
           D:3 |       0 |      59 |   0.0 |       0 |      19 |   0.0 |   534
               +---------+---------+-------+---------+---------+-------+---------
